 Dungeon Crawl Stone Soup version 0.22.0-36-g8e74550 (console) character file.

1578219 removed the Cutthroat (level 27, 202/225 HPs)
             Began as a Gnoll Assassin on Aug 23, 2018.
             Was the Champion of Ashenzari.
             Escaped with the Orb
             ... and 3 runes on Aug 24, 2018!
             The game lasted 04:03:32 (83044 turns).

removed the Cutthroat (Gnoll Assassin)             Turns: 83044, Time: 04:03:33

Health: 202/225    AC: 23    Str: 21    XL:     27
Magic:  49/54      EV: 27    Int: 36    God:    Ashenzari [******]
Gold:   3056       SH:  0    Dex: 21    Spells: 9/62 levels left

rFire    + + .     SeeInvis +   a - +4 dagger "Morg" {pain, MR+ Int+5}
rCold    + . .     Gourm    .   (no shield)
rNeg     . . .     Faith    .   I - +1 ring mail "Zimourgh" {MR+ MP+9 Str+6 SInv} (curse)
rPois    +         Spirit   .   (helmet restricted)
rElec    +         Reflect  .   P - +2 cloak {rPois} (curse)
rCorr    .         Harm     .   q - +3 pair of gauntlets of War {Slay+5} (curse)
MR       ++++.     Clarity  +   E - +2 pair of boots (curse)
Stlth    ++........             H - amulet of Fattymm {+Rage rC+ Int+6} (curse)
HPRegen  0.47/turn              X - ring "Ukeug" {Dex+4 Stlth+} (curse)
MPRegen  0.34/turn              t - ring "Nelo" {+Inv rElec rF++ SInv Stlth+} (curse)

@: liquid flames, hasted, glowing, studying 3 skills, heavily drained, very
quick
A: distributed training, antennae 1, fangs 1, rugged brown scales 1, blink,
screaming 1, MP-powered wands, strong nose
0: Orb of Zot
}: 3/15 runes: decaying, silver, gossamer
a: Blink, Curse Item, Scrying, Renounce Religion, Evoke Berserk Rage, Evoke
Invisibility


You escaped.
You worshipped Ashenzari.
Ashenzari was exalted by your worship.
You were not hungry.

You visited 11 branches of the dungeon, and saw 53 of its levels.
You visited the Abyss 1 time.
You visited 1 bazaar.
You also visited: Labyrinth, Bailey, Ice Cave, Wizlab and Desolation.

You collected 7856 gold pieces.
You spent 4800 gold pieces at shops.

Inventory:

Hand Weapons
 a - the +4 dagger "Morg" (weapon) {pain, MR+ Int+5}
   (You found it in the Desolation of Salt)

   In the hands of one skilled in necromantic magic, it inflicts extra damage on
   living creatures.
   It affects your intelligence (+5).
   It affects your resistance to hostile enchantments.
 b - a +8 double sword of electrocution
 c - the +7 lajatang of Order {silver, rMut}
   (You took it off a deep elf high priest on level 3 of the Elven Halls)

   It protects you from mutation.
Missiles
 f - a curare-tipped needle
 i - 4 throwing nets (quivered)
Armour
 q - the cursed +3 pair of gauntlets of War (worn) {Slay+5}
   (You found it on level 5 of the Vaults)

   It affects your accuracy and damage with ranged weapons and melee attacks
   (+5).
   It has a curse placed upon it.
 z - a cursed +2 helmet
 E - a cursed +2 pair of boots (worn)
 I - the cursed +1 ring mail "Zimourgh" (worn) {MR+ MP+9 Str+6 SInv}
   (You found it on level 1 of the Lair of Beasts)

   It affects your strength (+6).
   It affects your resistance to hostile enchantments.
   It affects your magic capacity (+9).
   It lets you see invisible.
   It has a curse placed upon it.
 L - a +1 buckler of protection
 P - a cursed +2 cloak of poison resistance (worn)
Jewellery
 t - the cursed ring "Nelo" (right hand) {+Inv rElec rF++ SInv Stlth+}
   (You found it in a labyrinth)

   [ring of stealth]

   It greatly protects you from fire.
   It insulates you from electricity.
   It lets you see invisible.
   It lets you turn invisible.
   It makes you more stealthy.
   It has a curse placed upon it.
 H - the cursed amulet of Fattymm (around neck) {+Rage rC+ Int+6}
   (You bought it in a shop on level 1 of the Elven Halls)

   [amulet of rage]

   It affects your intelligence (+6).
   It protects you from cold.
   It lets you go berserk.
   It has a curse placed upon it.
 X - the cursed ring "Ukeug" (left hand) {Dex+4 Stlth+}
   (You found it on level 7 of the Dungeon)

   [ring of stealth]

   It affects your dexterity (+4).
   It makes you more stealthy.
   It has a curse placed upon it.
Wands
 d - a wand of digging (23)
 e - a wand of paralysis (25)
 k - a wand of iceblast (53)
 w - a wand of acid (34)
 R - a wand of clouds (19)
Scrolls
 m - 5 scrolls of magic mapping
 p - a scroll of enchant armour
 v - 2 scrolls of summoning
 K - a scroll of fog
 O - 6 scrolls of fear
 Q - 7 scrolls of blinking
 T - 10 scrolls of identify
 U - 2 scrolls of holy word
 V - 18 scrolls of remove curse
 Y - 18 scrolls of teleportation
Potions
 j - 8 potions of lignification
 l - 7 potions of flight
 n - 15 potions of curing
 r - 6 potions of magic
 s - 8 potions of resistance
 x - 2 potions of haste
 B - 4 potions of heal wounds
 C - 6 potions of ambrosia
 D - 3 potions of agility
 J - 7 potions of might
 M - 12 potions of brilliance
 W - 5 potions of cancellation
 Z - 6 potions of mutation
Books
 g - a manual of Short Blades
 h - a manual of Stealth
 A - a manual of Ice Magic
 S - a manual of Short Blades
Miscellaneous
 G - 4 phantom mirrors
Comestibles
 N - 64 rations


   Skills:
 + Level 18.6(16.8) Fighting
 + Level 21.1(19.2) Short Blades
 + Level 18.2(16.4) Long Blades
 + Level 18.2(16.4) Axes
 + Level 18.2(16.4) Maces & Flails
 + Level 18.2(16.4) Polearms
 + Level 18.2(16.4) Staves
 + Level 18.2(16.4) Slings
 + Level 18.2(16.4) Bows
 + Level 18.2(16.4) Crossbows
 + Level 18.6(16.8) Throwing
 + Level 18.2(18.7) Armour
 + Level 18.3(18.8) Dodging
 + Level 20.8(19.0) Stealth
 + Level 18.2(16.4) Shields
 + Level 18.2(16.4) Unarmed Combat
 + Level 18.2(16.4) Spellcasting
 + Level 15.7(17.8) Conjurations
 + Level 15.7(17.8) Hexes
 + Level 15.7(17.8) Charms
 + Level 15.7(17.8) Summonings
 + Level 19.8(21.4) Necromancy
 + Level 15.7(17.8) Translocations
 + Level 15.7(17.8) Transmutations
 + Level 15.7(17.8) Fire Magic
 + Level 18.0(19.8) Ice Magic
 + Level 15.7(17.8) Air Magic
 + Level 15.7(17.8) Earth Magic
 + Level 15.7(17.8) Poison Magic
 + Level 19.5(17.7) Invocations
 + Level 18.2(20.0) Evocations


You had 9 spell levels left.
You knew the following spells:

 Your Spells              Type           Power        Failure   Level  Hunger
a - Iron Shot             Conj/Erth      ########..   1%          6    None
b - Bolt of Fire          Conj/Fire      ########..   1%          6    None
c - Fireball              Conj/Fire      ########..   1%          5    None
d - Vampiric Draining     Necr           ########..   0%          3    None
e - Regeneration          Chrm/Necr      ########..   0%          3    None
f - Freezing Cloud        Conj/Ice/Air   ########..   1%          6    None
l - Blink                 Tloc           N/A          0%          2    None
o - Ozocubu's Refrigerat  Ice            ########..   1%          6    None
r - Deflect Missiles      Chrm/Air       ########..   1%          6    None
u - Dispel Undead         Necr           ########     0%          5    None
v - Borgnjor's Vile Clut  Necr/Erth      ########..   0%          5    None

Your spell library contained the following spells:

 Spells                   Type           Power        Failure   Level  Hunger
 Animate Skeleton         Necr           N/A          0%          1    None
 Apportation              Tloc           ######       0%          1    None
 Beastly Appendage        Tmut           ######       0%          1    None
 Confusing Touch          Hex            ######       0%          1    None
 Corona                   Hex            #######      0%          1    None
 Flame Tongue             Conj/Fire      #####        0%          1    None
 Infusion                 Chrm           ####         0%          1    None
 Magic Dart               Conj           ####         0%          1    None
 Pain                     Necr           ####         0%          1    None
 Shock                    Conj/Air       ####         0%          1    None
 Sting                    Conj/Pois      ####         0%          1    None
 Summon Butterflies       Summ           ########     0%          1    None
 Summon Small Mammal      Summ           ####         0%          1    None
 Call Imp                 Summ           ########     0%          2    None
 Corpse Rot               Necr           N/A          0%          2    None
 Ensorcelled Hibernation  Hex/Ice        ######       0%          2    None
 Passwall                 Tmut/Erth      ########     0%          2    None
 Poisonous Vapours        Pois/Air       ######       0%          2    None
 Searing Ray              Conj           ######       0%          2    None
 Shroud of Golubria       Chrm/Tloc      ########..   0%          2    None
 Slow                     Hex            ########     0%          2    None
 Song of Slaying          Chrm           ########     0%          2    None
 Sticks to Snakes         Tmut           ########     0%          2    None
 Swiftness                Chrm/Air       ########     0%          2    None
 Throw Frost              Conj/Ice       ######       0%          2    None
 Call Canine Familiar     Summ           ########     0%          3    None
 Confuse                  Hex            ########     0%          3    None
 Conjure Flame            Conj/Fire      ########     0%          3    None
 Dazzling Spray           Conj/Hex       ######       0%          3    None
 Gell's Gravitas          Tloc           ########..   0%          3    None
 Ignite Poison            Fire/Tmut/Pois ########     0%          3    None
 Inner Flame              Hex/Fire       ########     0%          3    None
 Lesser Beckoning         Tloc           ########..   0%          3    None
 Mephitic Cloud           Conj/Pois/Air  ########     0%          3    None
 Ozocubu's Armour         Chrm/Ice       ########     0%          3    None
 Portal Projectile        Hex/Tloc       ######       0%          3    None
 Recall                   Summ/Tloc      N/A          0%          3    None
 Spectral Weapon          Hex/Chrm       ########     0%          3    None
 Spider Form              Tmut/Pois      ########..   0%          3    None
 Static Discharge         Conj/Air       ########     0%          3    None
 Stone Arrow              Conj/Erth      ######       0%          3    None
 Summon Guardian Golem    Hex/Summ       ########     0%          3    None
 Teleport Other           Tloc           ########     0%          3    None
 Tukima's Dance           Hex            ########     0%          3    None
 Airstrike                Air            ########..   0%          4    None
 Animate Dead             Necr           N/A          0%          4    None
 Cause Fear               Hex            ########..   0%          4    None
 Force Lance              Conj/Tloc      ########     0%          4    None
 Fulminant Prism          Conj/Hex       ########..   0%          4    None
 Ice Form                 Ice/Tmut       ########     0%          4    None
 Iskenderun's Mystic Bla  Conj           ########     0%          4    None
 Leda's Liquefaction      Hex/Erth       ########..   0%          4    None
 Olgreb's Toxic Radiance  Pois           ########     0%          4    None
 Petrify                  Tmut/Erth      ########     0%          4    None
 Sticky Flame             Conj/Fire      ########     0%          4    None
 Summon Ice Beast         Ice/Summ       ########     0%          4    None
 Summon Lightning Spire   Summ/Air       ########     0%          4    None
 Throw Icicle             Conj/Ice       ########     0%          4    None
 Bolt of Draining         Conj/Necr      ########..   0%          5    None
 Excruciating Wounds      Chrm/Necr      ########..   0%          5    None
 Alistair's Intoxication  Tmut/Pois      ########     1%          5    None
 Blade Hands              Tmut           ########..   1%          5    None
 Bolt of Magma            Conj/Fire/Erth ########..   1%          5    None
 Irradiate                Conj/Tmut      ########..   1%          5    None
 Iskenderun's Battlesphe  Conj/Chrm      ########     1%          5    None
 Lightning Bolt           Conj/Air       ########..   1%          5    None
 Metabolic Englaciation   Hex/Ice        ########..   1%          5    None
 Silence                  Hex/Air        ########..   1%          5    None
 Summon Demon             Summ           ########..   1%          5    None
 Summon Forest            Summ/Tloc      ########..   1%          5    None
 Venom Bolt               Conj/Pois      ########..   1%          5    None
 Yara's Violent Unravell  Hex/Tmut       ########..   1%          5    None
 Bolt of Cold             Conj/Ice       ########..   1%          6    None
 Conjure Ball Lightning   Conj/Air       ########..   1%          6    None
 Death Channel            Necr           ########..   1%          6    None
 Hydra Form               Tmut           ########..   1%          6    None
 Invisibility             Hex            ########     1%          6    None
 Simulacrum               Ice/Necr       ########..   1%          6    None
 Statue Form              Tmut/Erth      ########.    1%          6    None
 Dragon Form              Tmut           ########..   1%          7    ###....
 Orb of Destruction       Conj           ########..   1%          7    ###....
 Ring of Flames           Chrm/Fire      ########..   1%          7    ###....
 Spellforged Servitor     Conj/Summ      ########..   1%          7    ###....
 Summon Hydra             Summ           ########..   1%          7    ###....
 Death's Door             Chrm/Necr      ########..   3%          8    #####..
 Ignition                 Fire           ########..   7%          8    #####..
 Shatter                  Erth           ########..   71%         9    ######.
 Tornado                  Air            ########..   71%         9    ######.
 Passage of Golubria      Tloc           Unusable     N/A         4    N/A

Dungeon Overview and Level Annotations

Branches:
Dungeon (15/15)            Temple (1/1) D:5            Lair (6/6) D:11
  Swamp (4/4) Lair:3       Spider (4/4) Lair:2        Slime (0/5) Lair:5
    Orc (2/2) D:9             Elf (3/3) Orc:2        Vaults (5/5) D:13
  Crypt (3/3) Vaults:3       Tomb (0/3) Crypt:3      Depths (5/5) D:15
    Zot (5/5) Depths:5

Altars:
Ashenzari
Gozag
Kikubaaqudgha
Makhleb
Qazlal
Trog
Vehumet
Yredelemnul
The Shining One
Jiyva

Shops:
Orc:2 :(*(%   Elf:1 =   Vaults:1 !   Vaults:3 %   Vaults:4 %   Depths:1 *
Depths:2 *

Portals:
Hell: Depths:1 Depths:2 Depths:3 Depths:4 Depths:5
Abyss: Depths:4 Depths:5
Pandemonium: Depths:3 Depths:5
Ziggurat: Depths:4
Trove: D:14 (give 8 potions of haste)

Annotations:
Elf:1 exclusion: Roxanne, Roxanne


Innate Abilities, Weirdness & Mutations

Your experience applies equally to all skills.
You have very sharp teeth.
Your uncanny sense of smell can sniff out nearby items.
You have a pair of small antennae on your head.
You are partially covered in rugged brown scales. (AC +1, +3% HP)
You can translocate small distances at will.
You occasionally shout uncontrollably at your foes.
You expend magic power (3 MP) to strengthen your wands.


Message History

You hear a mighty clap of thunder!
The lightning arc hits the soul eater.
The lightning arc hits Tinwan.
Tinwan appears unharmed.
The lightning arc hits the soul eater.
The soul eater dies!
The lightning arc hits Tinwan.
Tinwan appears unharmed.
The lightning arc hits you! You resist.
The lightning arc hits Tinwan.
Tinwan resists.
Unknown command.
Evoke which item? (* to show all) (? for menu, Esc to quit)
Aiming: Dig
Press: ? - help, Shift-Dir - straight line A rock wall.
This square is covered in magical glow.
The rock shatters into small pieces.
You feel a surge of power!
There is a stone staircase leading down, spattered with blood here.
There is a staircase leading out of the dungeon here.
The balrug gestures at you. The sticky flame hits you! You resist.
You are covered in liquid flames!
You have escaped!

..........................#
.........###############..#
.........#.............#..#
#..#####.#.............#..#
#..# ##.#.............#..#
#..# #..#######'#######.##
...####..#.....÷.......#.#
.....##..'⌠....#.#....⌠'.#
##.#.....#......@2.....#.#
.#.#...#.#..⌠...>...⌠..#.#
.(.#...#.###'###.###'###.#
...#...#.....)...&.&.....#
.#.#'########.#.##########
....................#
...........########.#
...........###### #.#####
...........#....###.....#


You could see Tinwan and a balrug.

Vanquished Creatures
  2 orbs of fire
  The ghost of Delo the Hoplite, a master MiMo of Okawaru (Crypt:2)
  4 ancient liches
  A Killer Klown (Zot:5)
  Frederick (Depths:3)
  3 caustic shrikes
  A curse toe (Zot:4)
  5 golden dragons
  2 electric golems (Zot:5)
  7 liches
  12 tentacled monstrosities
  A Hell Sentinel (D:14)
  21 Orb Guardians (Zot:5)
  3 deep elf blademasters (Elf:3)
  3 titans (Vaults:5)
  6 quicksilver dragons
  3 death cobs
  A deep elf master archer (Elf:3)
  5 ancient champions
  8 sphinxes
  3 thorn hunters (Swamp:4)
  Frances (Spider:2)
  3 draconian monks
  6 revenants
  6 storm dragons
  Kirke (D:13)
  7 tengu reavers
  Donald (Orc:2)
  8 shadow dragons
  The ghost of Geovud the Alchemist, an adept DsTm of Wu Jian (Spider:4)
  13 fire giants
  5 draconian knights
  13 deep elf sorcerers
  4 draconian scorchers
  10 frost giants
  Louise (Depths:4)
  3 curse skulls (Crypt:3)
  An imperial myrmidon (Desolation)
  4 ghost moths (Spider:4)
  2 draconian shifters
  15 vault wardens
  17 ironheart preservers
  4 draconian annihilators
  6 emperor scorpions
  A draconian stormcaller (Zot:3)
  21 stone giants
  4 ghouls
  6 deep elf elementalists
  2 spriggan defenders (Depths:3)
  3 war gargoyles
  19 very ugly things
  An entropy weaver (shapeshifter) (Vaults:5)
  3 vampire knights
  6 entropy weavers
  15 deep elf annihilators
  5 green draconians
  6 black draconians
  11 deep elf demonologists
  A spectral titan (Crypt:3)
  A minotaur (Lab)
  Azrael (Spider:3)
  4 halazid warlocks (Desolation)
  10 spark wasps
  5 red draconians
  17 purple draconians
  5 white draconians
  6 yellow draconians
  9 statues (WizLab)
  10 eidola
  15 ettins
  6 jiangshi (Crypt:2)
  3 crystal guardians
  2 merfolk impalers
  4 ragged hierophants (Desolation)
  9 fire dragons
  14 deep elf high priests
  13 yaktaur captains
  16 deep elf death magi
  10 great orbs of eyes
  10 ice dragons
  6 servants of whispers (Desolation)
  32 vault guards
  5 spriggan air magi
  A quicksilver dragon skeleton (Vaults:4)
  21 hydras
  A hell beast (D:12)
  A catoblepas (Lair:6)
  7 peacekeepers (Desolation)
  6 rakshasas
  2 ghost crabs
  51 two-headed ogres
  13 centaur warriors
  5 death knights
  9 deep troll shamans
  29 dancing weapons
  5 tengu warriors
  4 deep troll earth magi
  2 vampire magi (Crypt:2)
  2 titan zombies (Crypt:1)
  11 alligators
  2 spectral storm dragons (Crypt:3)
  5 spriggan berserkers
  A death yak (Lair:6)
  18 ogre magi
  2 soul eaters
  16 shadow wraiths
  6 hell knights
  18 deep elf knights
  20 skeletal warriors
  3 iron trolls
  2 glowing orange brains (Depths:2)
  A spectral anaconda (Crypt:3)
  7 unseen horrors
  An anaconda zombie (Crypt:1)
  5 shambling mangroves
  A gelid demonspawn (Depths:3)
  3 salamander mystics (Depths:4)
  A spriggan druid (Swamp:4)
  A glowing orange brain (shapeshifter) (Depths:1)
  17 deep trolls
  6 swamp dragons
  8 flayed ghosts
  A tengu zombie (Depths:1)
  Pikel (D:9)
  25 ironbrand convokers
  8 harpies
  23 phantasmal warriors
  10 orc knights
  21 deep elf archers
  8 wizards
  11 necromancers
  9 salamanders
  An orb spider (shapeshifter) (D:15)
  2 manticores (D:13)
  5 cyclopes
  15 orb spiders
  82 deep elf magi
  56 ugly things
  32 wolf spiders
  A shining eye (shapeshifter) (Depths:1)
  An elephant (shapeshifter) (Depths:3)
  2 centaur zombies
  4 elephants (Lair:6)
  A guardian serpent (Desolation)
  12 moths of wrath
  Joseph (D:7)
  The ghost of Bearstalker the Shield-Bearer, a novice MiFi of Yredelemnul (D:6)
  5 black mambas
  A purple draconian zombie (Crypt:3)
  3 ice statues
  A molten gargoyle (Desolation)
  15 vault sentinels
  3 smoke demons
  3 gargoyles
  A spiny frog (shapeshifter) (Depths:3)
  4 torpor snails
  2 spectral redbacks (Spider:4)
  A dire elephant skeleton (Crypt:1)
  25 spiny frogs
  3 yaktaurs (shapeshifter)
  3 rime drakes (shapeshifter)
  13 demonic crawlers
  A hellion (Depths:3)
  A yaktaur zombie (Depths:1)
  3 rime drakes
  34 yaktaurs
  A spark wasp simulacrum (Spider:4)
  2 efreet
  2 tengu conjurers
  13 freezing wraiths
  A minotaur skeleton (Lab)
  5 komodo dragons
  2 hellwings
  A red devil (Depths:1)
  2 queen bees
  9 trolls
  A guardian mummy (Crypt:3)
  44 jumping spiders
  A spectral tarantella (Spider:3)
  A spectral moth of wrath (Spider:4)
  A queen bee (shapeshifter) (Depths:2)
  3 spectral jumping spiders
  4 meliai (shapeshifter)
  A wind drake (shapeshifter) (D:14)
  7 meliai
  25 hornets
  A spectral manticore (Crypt:3)
  8 hippogriffs
  2 human simulacra
  2 polar bears
  45 slime creatures
  18 tyrant leeches
  5 large abominations (D:13)
  41 saltlings (Desolation)
  12 bog bodies
  A dream sheep (shapeshifter) (Elf:3)
  30 blink frogs
  An ice dragon zombie (Crypt:1)
  9 flying skulls (Crypt:3)
  A vampire (D:14)
  82 redbacks
  A satyr skeleton (Crypt:1)
  An ettin skeleton (Depths:1)
  12 spriggans
  3 wyverns
  A centaur simulacrum (D:14)
  15 water elementals
  An air elemental (Elf:2)
  41 yaks
  26 tarantellas
  A yak (shapeshifter) (Depths:5)
  4 basilisks
  11 wraiths
  7 shadows
  10 fire elementals
  Grum (D:8)
  A hog (D:13)
  32 vampire mosquitoes
  2 fire bats (Depths:4)
  A basilisk (shapeshifter) (Depths:3)
  A neqoxec (Depths:3)
  9 hungry ghosts
  Menkaure (D:5)
  14 swamp worms
  A redback simulacrum (Spider:4)
  9 wargs
  Edmund (D:6)
  A gelid demonspawn zombie (Crypt:3)
  A soldier ant (shapeshifter) (Vaults:5)
  6 insubstantial wisps (Swamp:4)
  A spectral snapping turtle (Crypt:3)
  12 water moccasins
  A soldier ant (D:13)
  11 porcupines
  48 orc warriors
  2 hell hounds (Spider:3)
  A jumping spider simulacrum (Spider:4)
  20 swamp drakes
  A floating eye (shapeshifter) (Elf:3)
  5 sky beasts
  2 eyes of draining (shapeshifter) (Vaults:2)
  8 ice beasts
  A swamp dragon zombie (Crypt:2)
  An elf simulacrum (Depths:1)
  An ettin simulacrum (Vaults:3)
  A two-headed ogre skeleton (Crypt:3)
  A spectral hornet (Spider:3)
  An eye of draining (D:13)
  3 phantoms
  37 ogres
  4 necrophages
  14 boggarts
  10 wolves
  32 centaurs
  An elephant skeleton (Crypt:2)
  10 crocodiles
  3 earth elementals
  5 big kobolds
  Blork the orc (D:4)
  27 bullfrogs
  3 gnoll sergeants (D:9)
  7 small abominations (D:13)
  A draconian skeleton (Crypt:2)
  A glowing shapeshifter simulacrum (Vaults:4)
  An elf skeleton (Crypt:3)
  A water moccasin skeleton (D:7)
  3 scorpions
  A shapeshifter zombie (Crypt:1)
  36 killer bees
  A spriggan skeleton (Lab)
  A raiju skeleton (Crypt:2)
  9 wights
  A troll skeleton (Crypt:1)
  6 howler monkeys
  A spectral centaur (D:6)
  3 electric eels
  A bullfrog zombie (D:6)
  A howler monkey (shapeshifter) (Vaults:5)
  A quasit (D:11)
  A basilisk zombie (Crypt:2)
  6 crimson imps
  8 centaur skeletons
  12 hounds
  6 human zombies (Crypt:1)
  A soldier ant zombie (Crypt:1)
  2 jellies
  A human skeleton (Crypt:1)
  13 orc priests
  4 bullfrog skeletons
  A gnoll shaman (D:7)
  19 orc wizards
  Crazy Yiuf (D:4)
  An iron imp (Depths:2)
  An iguana (D:4)
  Natasha (thrice) (D:2)
  5 worker ants
  6 hell rats (Lair:6)
  2 dwarf zombies (Crypt:3)
  A bullfrog simulacrum (D:6)
  An ogre zombie (Crypt:1)
  A naga skeleton (Abyss:3)
  A howler monkey zombie (D:7)
  13 mummies
  A spectral worker ant (D:6)
  A worker ant zombie (D:6)
  Robin (D:1)
  14 gnolls
  2 scorpion zombies (Crypt:2)
  11 adders
  2 river rats (Lair:2)
  3 shadow imps
  7 oozes
  A spectral adder (D:6)
  2 adder skeletons (D:8)
  An adder zombie (D:5)
  A halfling skeleton (Crypt:2)
  3 worms
  3 dart slugs
  5 leopard geckos
  91 orcs
  A ball python (D:3)
  8 giant cockroaches
  4 hobgoblins
  6 jackals
  9 quokkas
  A ball python skeleton (Crypt:1)
  5 bats
  A frilled lizard (D:1)
  10 goblins
  A jackal skeleton (Crypt:2)
  9 kobolds
  An orc zombie (Crypt:1)
  6 rats
  A rat skeleton (Crypt:2)
  5 crawling corpses (Elf:3)
  6 plants
2587 creatures vanquished.

Vanquished Creatures (collateral kills)
  A ragged hierophant (Desolation)
1 creature vanquished.

Vanquished Creatures (others)
  An orb of fire (Zot:5)
  A storm dragon (Zot:5)
  A tengu reaver (Depths:5)
  A fire giant (Depths:5)
  A yellow draconian (Zot:5)
  A red draconian (Zot:5)
  A ragged hierophant (Desolation)
  A dancing weapon (Elf:3)
  A deep troll shaman (Depths:5)
  A deep elf knight (Elf:2)
  A soul eater (D:1)
  2 deep elf magi
  2 yaktaurs
  A jumping spider (Spider:3)
  A saltling (Desolation)
  3 blink frogs (Swamp:4)
  A redback (Spider:4)
  A vampire mosquito (D:15)
  3 orc warriors (Orc:2)
  An ogre (Depths:4)
  A centaur (Vaults:3)
  A crimson imp (D:14)
  An orc wizard (Vaults:1)
  4 orcs
  A crawling corpse (Elf:3)
  13 fungi (Lair:6)
  120 plants
167 creatures vanquished.

Grand Total: 2755 creatures vanquished

Notes
Turn   | Place    | Note
-------+----------+-------------------------------------------
     0 | D:1      | removed the Gnoll Assassin began the quest for the Orb.
     0 | D:1      | Reached XP level 1. HP: 20/20 MP: 1/1
     0 | D:1      | Noticed a jelly
     2 | D:1      | Found a runed door.
   197 | D:1      | Reached XP level 2. HP: 26/26 MP: 2/2
   984 | D:2      | Found a shattered altar of Ashenzari.
   989 | D:2      | Became a worshipper of Ashenzari the Shackled
  1034 | D:2      | Reached XP level 3. HP: 31/31 MP: 3/3
  1192 | D:2      | Noticed Natasha
  1208 | D:2      | Killed Natasha
  1208 | D:2      | Reached skill level 1 in Long Blades
  1208 | D:2      | Reached skill level 1 in Axes
  1208 | D:2      | Reached skill level 1 in Maces & Flails
  1208 | D:2      | Reached skill level 1 in Polearms
  1208 | D:2      | Reached skill level 1 in Staves
  1208 | D:2      | Reached skill level 1 in Slings
  1208 | D:2      | Reached skill level 1 in Bows
  1208 | D:2      | Reached skill level 1 in Crossbows
  1208 | D:2      | Reached skill level 1 in Armour
  1208 | D:2      | Reached skill level 1 in Shields
  1208 | D:2      | Reached skill level 1 in Unarmed Combat
  1208 | D:2      | Reached skill level 1 in Spellcasting
  1208 | D:2      | Reached skill level 1 in Invocations
  1208 | D:2      | Reached skill level 1 in Evocations
  1208 | D:2      | Reached XP level 4. HP: 13/38 MP: 5/5
  1452 | D:2      | Noticed Natasha
  1465 | D:2      | Killed Natasha
  1734 | D:2      | Noticed Natasha
  1745 | D:2      | Killed Natasha
  1745 | D:2      | Reached skill level 1 in Conjurations
  1745 | D:2      | Reached skill level 1 in Hexes
  1745 | D:2      | Reached skill level 1 in Charms
  1745 | D:2      | Reached skill level 1 in Summonings
  1745 | D:2      | Reached skill level 1 in Necromancy
  1745 | D:2      | Reached skill level 1 in Translocations
  1745 | D:2      | Reached skill level 1 in Transmutations
  1745 | D:2      | Reached skill level 1 in Fire Magic
  1745 | D:2      | Reached skill level 1 in Ice Magic
  1745 | D:2      | Reached skill level 1 in Air Magic
  1745 | D:2      | Reached skill level 1 in Earth Magic
  1745 | D:2      | Reached skill level 1 in Poison Magic
  2057 | D:2      | Noticed Robin
  2384 | D:1      | Killed Robin
  2384 | D:1      | Reached XP level 5. HP: 28/43 MP: 6/6
  3641 | D:4      | Reached XP level 6. HP: 43/50 MP: 8/8
  3956 | D:4      | Found a bloodstained altar of Trog.
  3969 | D:4      | Reached * piety under Ashenzari
  4088 | D:4      | Reached skill level 5 in Fighting
  4088 | D:4      | Reached skill level 5 in Short Blades
  4088 | D:4      | Reached skill level 5 in Throwing
  4525 | D:4      | Noticed Blork the orc
  4526 | D:4      | Identified the +1 robe of Rogung {rElec}
  4543 | D:4      | Killed Blork the orc
  4832 | D:4      | Reached XP level 7. HP: 50/56 MP: 10/10
  5066 | D:4      | Found a runed door.
  5354 | D:5      | Entered Level 5 of the Dungeon
  5386 | D:5      | Found a burning altar of Makhleb.
  5682 | D:5      | Found a staircase to the Ecumenical Temple.
  5718 | D:5      | Noticed Menkaure
  5962 | Temple   | Entered the Ecumenical Temple
  6320 | D:5      | Reached ** piety under Ashenzari
  6352 | D:5      | Found a glowing golden altar of the Shining One.
  6740 | D:6      | Found a runed gate.
  6741 | D:6      | Found a runed gate.
  6741 | D:6      | Found a runed gate.
  6741 | D:6      | Noticed Bearstalker's ghost (novice MiFi)
  6831 | D:6      | Found a stormy altar of Qazlal.
  6835 | D:6      | Reached XP level 8. HP: 63/63 MP: 12/12
  7149 | D:6      | Noticed Edmund
  7180 | D:6      | Killed Edmund
  7494 | D:6      | Learned a level 3 spell: Vampiric Draining
  7496 | D:6      | Learned a level 1 spell: Pain
  7857 | D:5      | Killed Menkaure
  8875 | D:7      | Reached XP level 9. HP: 65/69 MP: 14/14
  8952 | D:7      | Reached skill level 6 in Short Blades
  9570 | D:7      | Identified the ring "Ukeug" {Dex+4 Stlth+}
  9840 | D:7      | Noticed Joseph
 10011 | D:8      | Found a flagged portal.
 10017 | D:8      | Got the spear of Kiygan {pierce, +Blink}
 10018 | D:8      | Identified the +7 spear of Kiygan {pierce, +Blink} (You found it on level 8 of the Dungeon)
 10024 | Bailey   | Entered a bailey
 10024 | Bailey   | Noticed an orc knight
 10030 | Bailey   | Noticed an orc knight
 10030 | Bailey   | Noticed an orc knight
 10035 | Bailey   | Reached skill level 5 in Dodging
 10054 | Bailey   | Noticed an orc knight
 10461 | D:8      | Noticed Grum
 10561 | D:8      | Reached *** piety under Ashenzari
 10792 | D:8      | Reached skill level 5 in Invocations
 10801 | D:8      | Killed Grum
 11026 | D:9      | Noticed Pikel
 11150 | D:9      | Reached XP level 10. HP: 77/77 MP: 17/17
 11406 | D:9      | HP: 3/77 [killer bee (8)]
 11930 | D:9      | Reached skill level 5 in Long Blades
 11930 | D:9      | Reached skill level 5 in Axes
 11930 | D:9      | Reached skill level 5 in Maces & Flails
 11930 | D:9      | Reached skill level 5 in Polearms
 11930 | D:9      | Reached skill level 5 in Staves
 11930 | D:9      | Reached skill level 5 in Slings
 11930 | D:9      | Reached skill level 5 in Bows
 11930 | D:9      | Reached skill level 5 in Crossbows
 11930 | D:9      | Reached skill level 5 in Armour
 11930 | D:9      | Reached skill level 5 in Shields
 11930 | D:9      | Reached skill level 5 in Unarmed Combat
 11930 | D:9      | Reached skill level 5 in Spellcasting
 11930 | D:9      | Reached skill level 5 in Evocations
 12341 | D:9      | Learned a level 3 spell: Regeneration
 12346 | D:9      | Found a staircase to the Orcish Mines.
 12380 | D:9      | Reached skill level 7 in Short Blades
 13165 | D:9      | Noticed a two-headed ogre
 13184 | D:9      | Killed a two-headed ogre
 13368 | D:9      | Killed Pikel
 13368 | D:9      | Reached XP level 11. HP: 72/84 MP: 15/19
 13393 | D:10     | Entered Level 10 of the Dungeon
 13778 | D:10     | Reached **** piety under Ashenzari
 14187 | D:10     | Noticed an unseen horror
 14200 | D:10     | Killed an unseen horror
 14200 | D:10     | Reached skill level 5 in Conjurations
 14200 | D:10     | Reached skill level 5 in Hexes
 14200 | D:10     | Reached skill level 5 in Charms
 14200 | D:10     | Reached skill level 5 in Summonings
 14200 | D:10     | Reached skill level 5 in Necromancy
 14200 | D:10     | Reached skill level 5 in Translocations
 14200 | D:10     | Reached skill level 5 in Transmutations
 14200 | D:10     | Reached skill level 5 in Fire Magic
 14200 | D:10     | Reached skill level 5 in Ice Magic
 14200 | D:10     | Reached skill level 5 in Air Magic
 14200 | D:10     | Reached skill level 5 in Earth Magic
 14200 | D:10     | Reached skill level 5 in Poison Magic
 14702 | D:4      | Noticed Crazy Yiuf
 14711 | D:4      | Killed Crazy Yiuf
 14879 | D:11     | Found a labyrinth entrance.
 14888 | Lab      | Entered a labyrinth
 14938 | Lab      | Reached skill level 10 in Stealth
 15004 | Lab      | Noticed a minotaur
 15024 | Lab      | Killed a minotaur
 15031 | Lab      | Identified the ring "Nelo" {+Inv rElec rF++ SInv Stlth+}
 15120 | D:11     | Found a frozen archway.
 15154 | D:11     | Learned a level 3 spell: Stone Arrow
 15155 | IceCv    | Entered an ice cave
 15155 | IceCv    | Noticed a white ugly thing
 15160 | IceCv    | Reached skill level 8 in Short Blades
 15167 | IceCv    | Killed a green ugly thing
 15201 | IceCv    | Found a transporter.
 15295 | IceCv    | Noticed a white ugly thing
 15296 | IceCv    | Found a transporter.
 15298 | IceCv    | Killed a white ugly thing
 15679 | D:11     | Learned a level 2 spell: Slow
 15767 | D:11     | Reached XP level 12. HP: 92/93 MP: 22/22
 15924 | D:11     | Found a staircase to the Lair.
 16241 | D:11     | Noticed a two-headed ogre
 16250 | D:11     | Killed a two-headed ogre
 16763 | Lair:1   | Entered Level 1 of the Lair of Beasts
 16879 | Lair:1   | Noticed a four-headed hydra
 16890 | Lair:1   | Killed a four-headed hydra
 17381 | Lair:1   | Reached ***** piety under Ashenzari
 17440 | Lair:1   | Got the uncursed ring mail "Zimourgh" {MR+ MP+9 Str+6 SInv}
 17451 | Lair:1   | Identified the +1 ring mail "Zimourgh" {MR+ MP+9 Str+6 SInv} (You found it on level 1 of the Lair of Beasts)
 17623 | Lair:1   | Identified 2 scrolls of acquirement
 18643 | Lair:2   | Found a hole to the Spider Nest.
 18652 | Lair:2   | Reached skill level 9 in Short Blades
 18931 | Lair:3   | Reached XP level 13. HP: 82/101 MP: 24/24
 19142 | Lair:3   | Found a staircase to the Swamp.
 20744 | Lair:5   | Found a viscous altar of Jiyva.
 20744 | Lair:5   | Found a staircase to the Slime Pits.
 21004 | Lair:5   | Identified the +7 giant spiked club of Terror {venom, Str+3}
 21522 | Lair:5   | Reached ****** piety under Ashenzari
 21735 | Lair:6   | Entered Level 6 of the Lair of Beasts
 21926 | Lair:6   | Noticed Sonja
 22167 | Lair:6   | Noticed Sonja
 22167 | Lair:6   | Sonja changed into Sonja the meliai
 22176 | Lair:6   | Killed Sonja the meliai
 22959 | Lair:6   | Reached XP level 14. HP: 109/109 MP: 26/26
 23568 | Lair:6   | Reached skill level 10 in Fighting
 23568 | Lair:6   | Reached skill level 10 in Short Blades
 23568 | Lair:6   | Reached skill level 10 in Throwing
 24116 | Lair:6   | Identified the cursed +3 hand axe of Oheq {chaos, *Rage Int+4 Dex+2}
 24937 | D:7      | Killed Joseph
 25058 | D:6      | Killed Bearstalker's ghost
 25465 | Orc:1    | Entered Level 1 of the Orcish Mines
 25694 | Orc:2    | Entered Level 2 of the Orcish Mines
 25737 | Orc:2    | Found a staircase to the Elven Halls.
 26204 | Orc:2    | Found Kiadushro's Food Boutique.
 26347 | Orc:2    | Noticed Donald
 26353 | Orc:2    | Killed Donald
 26353 | Orc:2    | Reached skill level 10 in Invocations
 26397 | Orc:2    | Found Boaghas's Assorted Antiques.
 26397 | Orc:2    | Found Giob's Weapon Emporium.
 26866 | Orc:2    | Found Zaibeiraf's Book Shoppe.
 26868 | Orc:2    | Found Maudosmu's Weapon Boutique.
 28847 | D:13     | Reached XP level 15. HP: 117/117 MP: 28/28
 29039 | D:13     | Reached skill level 10 in Dodging
 29059 | D:13     | Identified the cursed +1 battleaxe "Imp's Doom" {freeze, rElec rPois Dex+4}
 29071 | D:13     | Learned a level 2 spell: Blink
 29620 | D:13     | Found a gate to the Vaults.
 29939 | D:13     | Noticed Kirke
 29942 | D:13     | Killed Kirke
 30512 | D:14     | Found a portal to a secret trove of treasure.
 31370 | D:14     | Reached skill level 10 in Long Blades
 31370 | D:14     | Reached skill level 10 in Axes
 31370 | D:14     | Reached skill level 10 in Maces & Flails
 31370 | D:14     | Reached skill level 10 in Polearms
 31370 | D:14     | Reached skill level 10 in Staves
 31370 | D:14     | Reached skill level 10 in Slings
 31370 | D:14     | Reached skill level 10 in Bows
 31370 | D:14     | Reached skill level 10 in Crossbows
 31370 | D:14     | Reached skill level 10 in Armour
 31370 | D:14     | Reached skill level 10 in Shields
 31370 | D:14     | Reached skill level 10 in Unarmed Combat
 31370 | D:14     | Reached skill level 10 in Spellcasting
 31370 | D:14     | Reached skill level 10 in Evocations
 31402 | D:14     | Found an opulent altar of Gozag.
 31588 | D:14     | Reached skill level 11 in Short Blades
 32312 | Orc:2    | Bought a small opal ring for 125 gold pieces
 32312 | Orc:2    | Bought a bone ring for 125 gold pieces
 32317 | Orc:2    | Bought a book of Unlife for 780 gold pieces
 32323 | Orc:2    | Learned a level 5 spell: Borgnjor's Vile Clutch
 32323 | Orc:2    | Bought the Volume of Darkness for 930 gold pieces
 32329 | Orc:2    | Learned a level 5 spell: Dispel Undead
 32335 | Orc:2    | Learned a level 5 spell: Bolt of Draining
 32513 | Spider:1 | Entered Level 1 of the Spider Nest
 33266 | Spider:1 | Reached XP level 16. HP: 90/125 MP: 30/30
 34017 | Spider:2 | Reached skill level 10 in Necromancy
 34385 | Spider:2 | Noticed Frances
 34468 | Spider:2 | Gained mutation: You can translocate small distances at will. [a neqoxec]
 34534 | Spider:2 | Killed Frances
 35558 | Spider:3 | Noticed Azrael
 35559 | Spider:3 | Killed Azrael
 36865 | Spider:4 | Entered Level 4 of the Spider Nest
 36873 | Spider:4 | Reached XP level 17. HP: 84/133 MP: 25/32
 37263 | Spider:4 | Reached skill level 12 in Short Blades
 38015 | Spider:4 | Got a gossamer rune of Zot
 38337 | Spider:4 | Found a runed gate.
 38337 | Spider:4 | Found a runed gate.
 38339 | Spider:4 | Found a runed gate.
 38342 | Spider:4 | Noticed Geovud's ghost (adept DsTm)
 38347 | Spider:4 | Found the +27 Lear's hauberk
 38386 | Spider:4 | Killed Geovud's ghost
 38945 | D:15     | Entered Level 15 of the Dungeon
 39679 | D:15     | Reached skill level 10 in Conjurations
 39679 | D:15     | Reached skill level 10 in Hexes
 39679 | D:15     | Reached skill level 10 in Charms
 39679 | D:15     | Reached skill level 10 in Summonings
 39679 | D:15     | Reached skill level 10 in Translocations
 39679 | D:15     | Reached skill level 10 in Transmutations
 39679 | D:15     | Reached skill level 10 in Fire Magic
 39679 | D:15     | Reached skill level 10 in Ice Magic
 39679 | D:15     | Reached skill level 10 in Air Magic
 39679 | D:15     | Reached skill level 10 in Earth Magic
 39679 | D:15     | Reached skill level 10 in Poison Magic
 39920 | D:15     | Reached XP level 18. HP: 141/141 MP: 33/33
 39955 | D:15     | Found a staircase to the Depths.
 40556 | Elf:1    | Entered Level 1 of the Elven Halls
 40746 | Elf:1    | Cast into level 3 of the Abyss (a deep elf sorcerer)
 40746 | Abyss:3  | Found a corrupted altar of Lugonu.
 40856 | Abyss:3  | Found a corrupted altar of Lugonu.
 40900 | Abyss:3  | Found a corrupted altar of Lugonu.
 41020 | Elf:1    | Escaped the Abyss
 41250 | Elf:1    | Identified the Compendium of Illusion
 41292 | Elf:1    | Learned a level 6 spell: Deflect Missiles
 41548 | Elf:1    | Found Plog's Jewellery Emporium.
 41630 | Elf:1    | Noticed Roxanne
 42384 | Elf:2    | Found a runed gate.
 42384 | Elf:2    | Found a runed gate.
 42384 | Elf:2    | Found a runed gate.
 44267 | Elf:2    | Reached skill level 13 in Short Blades
 44713 | Elf:2    | Got the cursed pair of gloves "Kaut" {+Inv rPois Str-5 Int+8}
 44724 | Elf:2    | Identified the cursed +0 pair of gloves "Kaut" {+Inv rPois Str-5 Int+8} (You acquired it on level 2 of the Elven Halls)
 45204 | Swamp:1  | Entered Level 1 of the Swamp
 45216 | Swamp:1  | Reached XP level 19. HP: 149/149 MP: 35/35
 45889 | Swamp:1  | Upgraded the game from 0.22.0-32-gbc6daba to 0.22.0-36-g8e74550
 45896 | Swamp:1  | Learned a level 6 spell: Bolt of Fire
 45905 | Swamp:1  | Learned a level 6 spell: Freezing Cloud
 45910 | Swamp:1  | Learned a level 3 spell: Teleport Other
 46166 | Elf:1    | Bought the amulet of Fattymm {+Rage rC+ Int+6} for 1132 gold pieces
 48423 | Swamp:4  | Entered Level 4 of the Swamp
 49088 | Swamp:4  | Identified the +11 trident "Ywuatong" {drain, *Noise Int+3 Stlth+}
 49316 | Swamp:4  | Got a decaying rune of Zot
 50348 | Vaults:1 | Entered Level 1 of the Vaults
 50801 | Vaults:1 | Reached XP level 20. HP: 157/157 MP: 36/36
 52052 | Vaults:1 | Found Suwat's Distillery.
 52418 | Vaults:2 | Found a magical portal.
 52430 | Vaults:2 | Found a flickering gateway to a bazaar.
 52450 | Bazaar   | Entered a bazaar
 52450 | Bazaar   | Found Kaiwuen's Weapon Boutique.
 52450 | Bazaar   | Found Pengoyl's Magic Scroll Shoppe.
 52450 | Bazaar   | Found Mitsoet's Antique Weapon Shop.
 52450 | Bazaar   | Found Veak's Food Shoppe.
 52452 | Bazaar   | Found Otuschuo's Jewellery Shop.
 52452 | Bazaar   | Found Cetz's Antique Armour Emporium.
 52477 | Bazaar   | Bought a runed helmet for 187 gold pieces
 52477 | Bazaar   | Bought a shiny buckler for 187 gold pieces
 52485 | Bazaar   | Bought a scroll of remove curse for 30 gold pieces
 52485 | Bazaar   | Bought a scroll of enchant armour for 75 gold pieces
 52485 | Bazaar   | Bought a scroll of remove curse for 30 gold pieces
 52505 | Bazaar   | Bought a scroll of teleportation for 30 gold pieces
 52505 | Bazaar   | Bought a scroll of teleportation for 30 gold pieces
 52564 | WizLab   | Entered Iskenderun's Mystic Tower
 52572 | WizLab   | Learned a level 6 spell: Iron Shot
 52926 | WizLab   | Reached skill level 15 in Stealth
 53111 | WizLab   | Reached skill level 14 in Short Blades
 53872 | WizLab   | Identified Iskenderun's Compendium of Conjuration
 53872 | WizLab   | Identified Iskenderun's Collected Works on Confrontation
 54080 | WizLab   | Identified the Papyrus of Floating Changing
 54080 | WizLab   | Identified the Grimoire of the Shifting Glacier
 54437 | Vaults:2 | Reached XP level 21. HP: 160/165 MP: 38/38
 54549 | Vaults:2 | Learned a level 5 spell: Fireball
 55539 | Vaults:3 | Found a ruined gateway.
 55701 | Desolati | Entered the Desolation of Salt
 56051 | Desolati | Identified the +7 scimitar of Eternal Harmony {vamp, rElec Dex+3}
 56069 | Desolati | Identified the cursed +0 scimitar "Kisefag" {flame, rPois}
 56548 | Desolati | Identified the +7 spear of Tutamy {speed, rC+ rN+ Dex+4}
 56558 | Desolati | Identified the Papyrus of the Rocks and Venom
 56565 | Desolati | Identified Rebo's Compendium of Sinister Secrets and Venom
 56644 | Desolati | Found the +4 dagger "Morg" {pain, MR+ Int+5}
 56646 | Desolati | Identified the +7 chain mail "Neimm" {*Drain rF+ rC+ MR+}
 56929 | Desolati | Reached skill level 15 in Invocations
 57408 | Vaults:3 | Found Kiqoneikh's Food Shop.
 58149 | Vaults:3 | Reached skill level 15 in Necromancy
 58245 | Vaults:3 | Found a staircase to the Crypt.
 58287 | Vaults:3 | Reached XP level 22. HP: 155/173 MP: 39/40
 59078 | Vaults:4 | Noticed a golden dragon
 59105 | Vaults:4 | Killed a golden dragon
 59489 | Vaults:4 | Identified the +1 scale mail "Toteosua" {+Fly rN+ MR- Regen+}
 59513 | Vaults:4 | Identified the ring "Qiffach" {Fire rElec rN+}
 59753 | Vaults:4 | Reached skill level 15 in Fighting
 59753 | Vaults:4 | Reached skill level 15 in Short Blades
 59753 | Vaults:4 | Reached skill level 15 in Throwing
 60324 | Vaults:4 | Found Cyichetz's Food Shop.
 61080 | Elf:3    | Entered Level 3 of the Elven Halls
 62081 | Elf:3    | Identified the +9 battleaxe "Tiacyako" {flame, Str+4} (You took it off a deep elf mage on level 3 of the Elven Halls)
 62274 | Elf:3    | Reached XP level 23. HP: 181/181 MP: 39/41
 62338 | Elf:3    | Identified the +0 leather armour of Nemelex Xobeh's Anger {rPois} (You took it off a deep elf death mage on level 3 of the Elven Halls)
 62350 | Elf:3    | Gained mutation: You are dopey. (Int -2) [a cacodemon]
 62594 | Elf:3    | Reached skill level 15 in Dodging
 62644 | Elf:3    | Identified the +3 morningstar of Kielu {freeze, +Blink rN+ MR++}
 62666 | Elf:3    | Identified the ring of the Tick {Str+2 Dex+4 SInv} (You took it off a deep elf sorcerer on level 3 of the Elven Halls)
 62666 | Elf:3    | Identified the cursed +1 war axe of Wisdom {flame, rN+ Dex+3} (You took it off a deep elf sorcerer on level 3 of the Elven Halls)
 62860 | Elf:3    | Identified the +1 great sword of the Feather {vamp, *Noise Str+8 Dex+7} (You took it off a deep elf annihilator on level 3 of the Elven Halls)
 62877 | Elf:3    | Identified the ring of Hyxkec {MP+9 Str+3 Stlth+} (You took it off a deep elf annihilator on level 3 of the Elven Halls)
 62877 | Elf:3    | Identified the cursed +2 scimitar of the Land of Plenty {drain, rPois Str+2 Int+4} (You took it off a deep elf annihilator on level 3 of the Elven Halls)
 63009 | Elf:3    | Identified the +6 scale mail "Irhetupper" {rCorr Dex-5 Slay+2}
 63029 | Elf:3    | Identified the Reference Book on Changing
 63053 | Elf:3    | Identified the Collected Works on the Mutagenic Frostbite
 63556 | Crypt:1  | Entered Level 1 of the Crypt
 64044 | Crypt:1  | Found an ancient bone altar of Kikubaaqudgha.
 64489 | Crypt:1  | Reached skill level 15 in Long Blades
 64489 | Crypt:1  | Reached skill level 15 in Axes
 64489 | Crypt:1  | Reached skill level 15 in Maces & Flails
 64489 | Crypt:1  | Reached skill level 15 in Polearms
 64489 | Crypt:1  | Reached skill level 15 in Staves
 64489 | Crypt:1  | Reached skill level 15 in Slings
 64489 | Crypt:1  | Reached skill level 15 in Bows
 64489 | Crypt:1  | Reached skill level 15 in Crossbows
 64489 | Crypt:1  | Reached skill level 15 in Armour
 64489 | Crypt:1  | Reached skill level 15 in Shields
 64489 | Crypt:1  | Reached skill level 15 in Unarmed Combat
 64489 | Crypt:1  | Reached skill level 15 in Spellcasting
 64489 | Crypt:1  | Reached skill level 15 in Evocations
 65368 | Crypt:2  | Paralysed by a lich for 3 turns
 65661 | Crypt:2  | Found a runed gate.
 65661 | Crypt:2  | Found a runed gate.
 65662 | Crypt:2  | Found a runed gate.
 65671 | Crypt:2  | Noticed Delo's ghost (master MiMo)
 65701 | Crypt:2  | Killed Delo's ghost
 65701 | Crypt:2  | Reached skill level 16 in Short Blades
 66083 | Crypt:3  | Entered Level 3 of the Crypt
 66753 | Crypt:3  | Reached XP level 24. HP: 190/190 MP: 40/42
 67109 | Crypt:3  | Found a staircase to the Tomb.
 67741 | Crypt:3  | Found a basalt altar of Yredelemnul.
 67749 | Crypt:3  | Identified the Disquisition on Stolen Souls
 68706 | Crypt:3  | Identified the +3 plate armour of the Lair of Beasts {rF+ Str+2 Int-2}
 68734 | Crypt:3  | Identified the Volume of Conjuration
 69537 | Depths:1 | Entered Level 1 of the Depths
 70257 | Depths:1 | Found Kaop Sanamo's Elemental Accessories.
 70496 | Depths:1 | Found a gateway to Hell.
 70836 | Depths:2 | Reached skill level 17 in Short Blades
 70848 | Depths:2 | Noticed a caustic shrike
 70848 | Depths:2 | Noticed a caustic shrike
 70849 | Depths:2 | Killed a caustic shrike
 70854 | Depths:2 | Killed a caustic shrike
 71297 | Depths:2 | Found Echiuje's Island Escapes.
 71328 | Depths:2 | Reached XP level 25. HP: 197/197 MP: 42/42
 73176 | Depths:3 | Found a transporter.
 73179 | Depths:3 | Identified the amulet "Buumo" {Regen+ Stlth+}
 73180 | Depths:3 | Found a radiant altar of Vehumet.
 73240 | Depths:3 | Found a one-way gate leading to the halls of Pandemonium.
 73776 | Depths:3 | Noticed an ancient lich
 73801 | Depths:3 | Killed an ancient lich
 73808 | Depths:3 | Got the cursed whip "Murphiapha" {venom, rN+ Str-5 Dex+9}
 73832 | Depths:3 | Identified the Handbook of the Venomous Birds
 73874 | Depths:3 | Found a transporter.
 73990 | Depths:4 | Noticed Frederick
 74027 | Depths:3 | Killed Frederick
 74102 | Depths:3 | Reached skill level 15 in Ice Magic
 74278 | Depths:4 | Noticed Louise
 74282 | Depths:4 | Found a one-way gate to the infinite horrors of the Abyss.
 74288 | Depths:4 | Killed Louise
 74433 | Depths:4 | Noticed an ancient lich
 74465 | Depths:4 | Killed an ancient lich
 74481 | Depths:4 | Reached skill level 18 in Short Blades
 75070 | Depths:4 | Got the trident of Yredelemnul's Regard {chaos, rN+ Stlth+}
 75080 | Depths:4 | Reached XP level 26. HP: 207/207 MP: 43/43
 75083 | Depths:4 | Identified the cursed +0 pair of gloves of Wonder {MR- Dex+5} (You acquired it on level 4 of the Depths)
 75319 | Depths:4 | Found a gateway to a ziggurat.
 75613 | Depths:5 | Entered Level 5 of the Depths
 75986 | Depths:5 | Identified the ring of Departure {Dex+5 SInv}
 76405 | Depths:5 | Found a gate to the Realm of Zot.
 76698 | Depths:5 | Learned a level 6 spell: Ozocubu's Refrigeration
 77069 | Vaults:5 | Entered Level 5 of the Vaults
 77377 | Vaults:4 | Reached skill level 19 in Short Blades
 77812 | Vaults:5 | Reached XP level 27. HP: 215/215 MP: 43/43
 78066 | Vaults:5 | Got the dagger "Welorrergh" {elec, +Fly}
 78210 | Vaults:5 | Found the +3 pair of gauntlets of War {Slay+5}
 78229 | Vaults:5 | Identified the Guide on Burning Aid
 78285 | Vaults:5 | Identified Sif Muna's Papyrus of Frigorific Poisoning
 78465 | Vaults:5 | Identified the ring "Deegre" {*Contam rElec rN+ Dex+2}
 79232 | Vaults:5 | Identified the cursed +0 plate armour of Insecurity {Int+4 Dex+6 Stlth+}
 79232 | Vaults:5 | Found the +8 longbow "Zephyr" {speed, Dex+3 SInv}
 79232 | Vaults:5 | Identified the +0 ring mail "Gauc" {Str+3}
 79587 | Vaults:5 | Got a silver rune of Zot
 79599 | Vaults:5 | Identified the cursed +0 helmet of the Lobster {rElec} (You acquired it on level 5 of the Vaults)
 79753 | Vaults:1 | Bought a potion of cancellation for 136 gold pieces
 79753 | Vaults:1 | Bought a potion of heal wounds for 85 gold pieces
 79753 | Vaults:1 | Bought a potion of heal wounds for 85 gold pieces
 79753 | Vaults:1 | Bought a potion of heal wounds for 85 gold pieces
 79753 | Vaults:1 | Bought 2 potions of might for 136 gold pieces
 79753 | Vaults:1 | Bought a potion of mutation for 136 gold pieces
 79753 | Vaults:1 | Bought a potion of haste for 170 gold pieces
 79753 | Vaults:1 | Bought a potion of magic for 136 gold pieces
 79753 | Vaults:1 | Bought a potion of haste for 170 gold pieces
 80167 | Zot:1    | Entered Level 1 of the Realm of Zot
 80212 | Zot:1    | Reached skill level 15 in Conjurations
 80212 | Zot:1    | Reached skill level 15 in Hexes
 80212 | Zot:1    | Reached skill level 15 in Charms
 80212 | Zot:1    | Reached skill level 15 in Summonings
 80212 | Zot:1    | Reached skill level 15 in Translocations
 80212 | Zot:1    | Reached skill level 15 in Transmutations
 80212 | Zot:1    | Reached skill level 15 in Fire Magic
 80212 | Zot:1    | Reached skill level 15 in Air Magic
 80212 | Zot:1    | Reached skill level 15 in Earth Magic
 80212 | Zot:1    | Reached skill level 15 in Poison Magic
 80465 | Zot:2    | Reached skill level 20 in Short Blades
 80883 | Zot:4    | Noticed an orb of fire
 80891 | Zot:4    | Gained mutation: Your magical capacity is low. (-10% MP) [an orb of fire]
 80892 | Zot:4    | Gained mutation: You are frail. (-10% HP) [an orb of fire]
 80895 | Zot:3    | Lost mutation: You are dopey. (Int -2) [potion of mutation]
 80895 | Zot:3    | Lost mutation: You are frail. (-10% HP) [potion of mutation]
 80895 | Zot:3    | Lost mutation: Your magical capacity is low. (-10% MP) [potion of mutation]
 80895 | Zot:3    | Gained mutation: You are partially covered in rugged brown scales. (AC +1, +3% HP) [potion of mutation]
 80895 | Zot:3    | Gained mutation: You have a pair of small antennae on your head. [potion of mutation]
 80895 | Zot:3    | Gained mutation: You expend magic power (3 MP) to strengthen your wands. [potion of mutation]
 81138 | Zot:3    | Killed an orb of fire
 81409 | Zot:5    | Entered Level 5 of the Realm of Zot
 81773 | Zot:5    | Noticed an ancient lich
 81788 | Zot:5    | Killed an ancient lich
 81789 | Zot:5    | Noticed an orb of fire
 81807 | Zot:5    | Killed an orb of fire
 82223 | Zot:5    | Noticed an orb of fire
 82273 | Zot:5    | Killed an orb of fire
 82273 | Zot:5    | Reached skill level 21 in Short Blades
 82340 | Zot:5    | Got the Orb of Zot
 82381 | Zot:5    | Noticed an ancient lich
 82385 | Zot:5    | Killed an ancient lich
 82399 | Zot:5    | Noticed an ancient lich
 82400 | Zot:5    | Noticed an orb of fire
 82613 | D:15     | Noticed Nysogaela the pandemonium lord
 82665 | D:14     | Noticed Jivvouma the pandemonium lord
 82751 | D:11     | Noticed Kanumeuc the pandemonium lord
 82919 | D:7      | Noticed Lyppaguc the pandemonium lord
 82937 | D:7      | Gained mutation: You occasionally shout uncontrollably at your foes. [a neqoxec]
 82950 | D:6      | Noticed Reevukoto the pandemonium lord
 83022 | D:1      | Noticed Tinwan the pandemonium lord
 83044 | D:$      | Escaped with the Orb!

Skill      XL: |  1  2  3  4  5  6  7  8  9 10 11 12 13 14 15 16 17 18 19 20 21 22 23 24 25 26 27 |
---------------+----------------------------------------------------------------------------------+-----
Long Blades    | 1 2 3 4 5 6 7 8 9 10 11 12 13 14 15 16 18 | 18.2
Axes           | 1 2 3 4 5 6 7 8 9 10 11 12 13 14 15 16 18 | 18.2
Maces & Flails | 1 2 3 4 5 6 7 8 9 10 11 12 13 14 15 16 18 | 18.2
Polearms       | 1 2 3 4 5 6 7 8 9 10 11 12 13 14 15 16 18 | 18.2
Staves         | 1 2 3 4 5 6 7 8 9 10 11 12 13 14 15 16 18 | 18.2
Slings         | 1 2 3 4 5 6 7 8 9 10 11 12 13 14 15 16 18 | 18.2
Bows           | 1 2 3 4 5 6 7 8 9 10 11 12 13 14 15 16 18 | 18.2
Crossbows      | 1 2 3 4 5 6 7 8 9 10 11 12 13 14 15 16 18 | 18.2
Armour         | 1 2 3 4 5 6 7 8 9 10 11 12 13 14 15 16 18 | 18.2
Shields        | 1 2 3 4 5 6 7 8 9 10 11 12 13 14 15 16 18 | 18.2
Unarmed Combat | 1 2 3 4 5 6 7 8 9 10 11 12 13 14 15 16 18 | 18.2
Spellcasting   | 1 2 3 4 5 6 7 8 9 10 11 12 13 14 15 16 18 | 18.2
Invocations    | 1 2 3 4 5 6 7 8 9 10 11 12 13 14 15 16 17 18 19 | 19.5
Evocations     | 1 2 3 4 5 6 7 8 9 10 11 12 13 14 15 16 18 | 18.2
Conjurations   | 1 2 3 4 5 6 7 8 9 10 11 12 13 14 15 | 15.7
Hexes          | 1 2 3 4 5 6 7 8 9 10 11 12 13 14 15 | 15.7
Charms         | 1 2 3 4 5 6 7 8 9 10 11 12 13 14 15 | 15.7
Summonings     | 1 2 3 4 5 6 7 8 9 10 11 12 13 14 15 | 15.7
Necromancy     | 1 2 3 4 5 6 7 8 9 10 11 12 13 14 15 16 17 18 19 | 19.8
Translocations | 1 2 3 4 5 6 7 8 9 10 11 12 13 14 15 | 15.7
Transmutations | 1 2 3 4 5 6 7 8 9 10 11 12 13 14 15 | 15.7
Fire Magic     | 1 2 3 4 5 6 7 8 9 10 11 12 13 14 15 | 15.7
Ice Magic      | 1 2 3 4 5 6 7 8 9 10 11 12 13 14 15 16 18 | 18.0
Air Magic      | 1 2 3 4 5 6 7 8 9 10 11 12 13 14 15 | 15.7
Earth Magic    | 1 2 3 4 5 6 7 8 9 10 11 12 13 14 15 | 15.7
Poison Magic   | 1 2 3 4 5 6 7 8 9 10 11 12 13 14 15 | 15.7
Dodging        | 3 4 5 6 7 8 9 10 11 12 13 14 15 16 17 18 | 18.3
Stealth        | 8 9 10 11 12 13 14 15 16 17 18 20 | 20.8
Fighting       | 5 6 7 8 9 10 11 12 13 14 15 16 17 18 | 18.6
Short Blades   | 5 6 7 8 9 10 11 12 13 14 15 16 17 18 19 21 | 21.1
Throwing       | 5 6 7 8 9 10 11 12 13 14 15 16 17 18 | 18.6

Action                   |  1- 3 |  4- 6 |  7- 9 | 10-12 | 13-15 | 16-18 | 19-21 | 22-24 | 25-27 || total
-------------------------+-------+-------+-------+-------+-------+-------+-------+-------+-------++-------
Melee: Dagger            |    90 |    77 |    67 |   349 |  1716 |  1444 |  1705 |   799 |  1400 ||  7647
       Bite              |     8 |    14 |    44 |    92 |   291 |   235 |   294 |   182 |   304 ||  1464
       Falchion          |       |    46 |   208 |       |       |       |       |       |       ||   254
       Punch             |       |       |     7 |     2 |       |       |       |       |    33 ||    42
       Spear             |       |       |    56 |   383 |       |       |       |       |       ||   439
       Double sword      |       |       |       |       |       |       |       |   224 |   156 ||   380
       Lajatang          |       |       |       |       |       |       |       |       |    61 ||    61
 Fire: Blowgun           |     2 |    43 |    21 |       |       |       |       |       |       ||    66
Throw: Throwing net      |       |       |     1 |       |       |       |       |       |       ||     1
 Cast: Pain              |       |       |     1 |    35 |       |       |       |       |       ||    36
       Vampiric Draining |       |       |       |    29 |     3 |    10 |     1 |       |     6 ||    49
       Regeneration      |       |       |       |     8 |    14 |    28 |    54 |    38 |    82 ||   224
       Stone Arrow       |       |       |       |     6 |       |       |       |       |       ||     6
       Slow              |       |       |       |     3 |     9 |       |       |       |       ||    12
       Bolt of Draining  |       |       |       |       |    11 |    37 |       |       |       ||    48
       Borgnjor's Vile C |       |       |       |       |     5 |    76 |   100 |    58 |   102 ||   341
       Dispel Undead     |       |       |       |       |       |     7 |    28 |   269 |    29 ||   333
       Blink             |       |       |       |       |       |     3 |       |     3 |       ||     6
       Deflect Missiles  |       |       |       |       |       |     3 |     9 |     1 |     3 ||    16
       Bolt of Fire      |       |       |       |       |       |       |    58 |    20 |    20 ||    98
       Iron Shot         |       |       |       |       |       |       |    27 |    10 |     4 ||    41
       Fireball          |       |       |       |       |       |       |     4 |    22 |     2 ||    28
       Freezing Cloud    |       |       |       |       |       |       |     1 |     9 |     9 ||    19
       Ozocubu's Refrige |       |       |       |       |       |       |       |       |     5 ||     5
Invok: Curse Item        |       |     1 |     1 |     7 |     3 |       |     3 |     1 |     1 ||    17
       Scrying           |       |       |       |     1 |       |       |       |       |       ||     1
 Abil: Evoke Invisibilit |       |       |       |     7 |    30 |    26 |    15 |     5 |    21 ||   104
Evoke: Wand              |       |       |       |     7 |     1 |     1 |       |     5 |    22 ||    36
       Lightning rod     |       |       |       |       |       |     7 |       |     2 |       ||     9
       Sack of spiders   |       |       |       |       |       |     1 |     1 |       |       ||     2
  Use: Scroll            |       |       |     8 |    16 |    15 |    10 |     8 |     8 |    14 ||    79
       Potion            |       |       |     3 |     5 |       |     1 |     3 |       |    17 ||    29
 Stab: Sleeping          |    10 |     3 |    19 |    23 |    70 |    58 |    39 |    38 |    43 ||   303
       Distracted        |       |       |     1 |     6 |     9 |     5 |     2 |     2 |     4 ||    29
       Invisible         |       |       |     1 |    24 |   134 |   116 |    97 |    39 |   120 ||   531
       Held in net/web   |       |       |       |       |       |     1 |       |       |       ||     1
       Confused          |       |       |       |       |       |       |     2 |       |       ||     2
  Eat: Chunk             |    13 |    16 |     8 |    15 |    51 |    37 |    37 |    15 |    14 ||   206
       Ration            |       |       |     1 |     4 |     3 |    10 |     8 |    10 |    11 ||    47
Armor: Robe              |     7 |    20 |    86 |    50 |       |       |       |       |       ||   163
       Skin              |       |       |     8 |       |       |       |       |       |       ||     8
       Ring mail         |       |       |       |    16 |   236 |   345 |   206 |   170 |   326 ||  1299
Dodge: Dodged            |    45 |    75 |   256 |   379 |   964 |  1399 |  1022 |   659 |  1170 ||  5969
       Deflected         |       |       |       |       |       |    18 |    52 |    26 |    60 ||   156
Block: Buckler           |       |       |       |   114 |   475 |   676 |   545 |   383 |   487 ||  2680
       Rpst.: Falchion   |       |     6 |    50 |       |       |       |       |       |       ||    56
       Double sword      |       |       |       |       |       |       |       |    50 |    16 ||    66
